 Dungeon Crawl Stone Soup version 0.27-a0-1555-g0e7b3fb1d2 (webtiles) character file.

Game seed: 5685105598167240714

74 Zonian the Chiller (level 4, 0/30 HPs)
             Began as a Demonspawn Ice Elementalist on July 15, 2021.
             Slain by a gnoll (8 damage)
             ... on level 2 of the Dungeon.
             The game lasted 00:04:22 (4419 turns).

Zonian the Chiller (Demonspawn Ice Elementalist)    Turns: 4419, Time: 00:04:24

Health: 0/30       AC:  2    Str:  8    XL:     4   Next: 10%
Magic:  2/7        EV: 12    Int: 18    God:
Gold:   69         SH:  4    Dex: 13    Spells: 7/8 levels left

rFire    . . .     SeeInvis .   (no weapon)
rCold    . . .     Faith    .   (no shield)
rNeg     . . .     Spirit   .   a - +0 robe
rPois    .         Reflect  .   (no helmet)
rElec    .         Harm     .   (no cloak)
rCorr    .         Rampage  .   (no gloves)
Will     .....                  (no boots)
Stlth    ++........             (no amulet)
HPRegen  0.10/turn              (no ring)
MPRegen  0.10/turn              (no ring)

@: no status effects
A: talons 1, large bone plates 1, demonic guardian 1
a: no special abilities


You were on level 2 of the Dungeon.
You visited 1 branch of the dungeon, and saw 2 of its levels.

You collected 69 gold pieces.

Inventory:

Armour
 a - a +0 robe (worn)
 c - a +0 leather armour
Scrolls
 f - a scroll of vulnerability {unknown}
 i - a scroll of blinking
Potions
 b - a potion of might
 e - a potion of lignification {unknown}
 g - a potion of degeneration {unknown}
 h - 2 potions of ambrosia


   Skills:
 + Level 0.1 Fighting
 + Level 2.1 Dodging
 + Level 2.5 Stealth
 + Level 0.3 Unarmed Combat
 + Level 2.5 Spellcasting
 + Level 4.3 Ice Magic


You had 7 spell levels left.
You knew the following spells:

 Your Spells              Type           Power      Damage    Failure   Level
a - Freeze                Ice            68%        1d8       3%          1

Your spell library contained the following spells:

 Spells                   Type           Power      Damage    Failure   Level
 Frozen Ramparts          Ice            34%        1d5       9%          3
 Ozocubu's Armour         Ice            17%        N/A       9%          3
 Hailstorm                Conj/Ice       10%        3d5       56%         4


Dungeon Overview and Level Annotations

Branches:
Dungeon (2/15)

Altars:

Shops:
D:2 =


Innate Abilities, Weirdness & Mutations

You have sharp toenails.
You are partially covered in large bone plates. (SH +4)
A weak demonic guardian rushes to your aid.


Message History

Unknown command.
Casting: Freeze (safe; 3% risk of failure)
Confirm with . or Enter, or press ? or * to list all spells.
Aiming: Freeze (safe; 3% risk of failure)
Press: ? - help, Shift-Dir - straight line, f/p - gnoll
Aim: a gnoll, wielding a +0 flail (heavily wounded)
You freeze the gnoll!
The gnoll is almost dead.
The gnoll barely misses you.
Unknown command.
Okay, then.
Casting: Freeze (safe; 3% risk of failure)
Confirm with . or Enter, or press ? or * to list all spells.
Aiming: Freeze (safe; 3% risk of failure)
Press: ? - help, Shift-Dir - straight line, f/p - gnoll
Aim: a gnoll, wielding a +0 flail (almost dead)
You miscast Freeze.
You are very lightly contaminated with residual magic.
Nothing appears to happen.
The gnoll hits you with a +0 flail.
* * * LOW HITPOINT WARNING * * *
Casting: Freeze (safe; 3% risk of failure)
Confirm with . or Enter, or press ? or * to list all spells.
Aiming: Freeze (safe; 3% risk of failure)
Press: ? - help, Shift-Dir - straight line, f/p - gnoll
Aim: a gnoll, wielding a +0 flail (almost dead)
You freeze the gnoll.
You kill the gnoll!
You have reached level 4!
You feel clever.
Your demonic ancestry asserts itself...
You feel the presence of a demonic guardian.
Your magical contamination has completely faded away.
Casting: Freeze (safe; 3% risk of failure)
Confirm with . or Enter, or press ? or * to list all spells.
Aiming: Freeze (safe; 3% risk of failure)
Press: ? - help, Shift-Dir - straight line, f - gnoll
Aim: a gnoll, wielding a +0 whip You freeze the gnoll!
The gnoll is heavily wounded.
The gnoll hits you with a +0 whip!
You die...

#...#...######.##########
###.#.####...............
##.....#.........########
##.∩........##...##
##...........###.##
#......<.....#
#.##########
####.....#......#
#...........
#.......###.....#
###########>
#.##.##..#..#@#.# ##
#.##.##.....#g#.#
#.##.##.#.#.#.#.#
#.##.....<......#
#.#####.#.#.##.##
#....##.....##.##
####.####.###...##########
#.# #......#..........#
#.# #..###...########.#


You could see a gnoll.

Vanquished Creatures
  2 gnolls
  2 adders
  3 ball pythons
  4 endoplasms
  A giant cockroach (D:1)
  A goblin (D:1)
  3 hobgoblins (D:2)
  2 jackals (D:1)
  6 quokkas
  2 bats (D:2)
  A frilled lizard (D:1)
  5 kobolds
  4 rats
36 creatures vanquished.

Vanquished Creatures (others)
  40 plants (D:2)
40 creatures vanquished.

Grand Total: 76 creatures vanquished

Notes
Turn   | Place    | Note
-------+----------+-------------------------------------------
     0 | D:1      | Zonian the Demonspawn Ice Elementalist began the quest for
                  | the Orb.
     0 | D:1      | Reached XP level 1. HP: 13/13 MP: 3/3
   316 | D:1      | Reached skill level 4 in Ice Magic
   316 | D:1      | Gained mutation: You have sharp toenails. [demonic
                  | ancestry]
   316 | D:1      | Reached XP level 2. HP: 19/19 MP: 0/5
  2427 | D:2      | Gained mutation: You are partially covered in large bone
                  | plates. (SH +4) [demonic ancestry]
  2427 | D:2      | Reached XP level 3. HP: 9/24 MP: 4/6
  2950 | D:2      | Found Naarr's Jewellery Boutique.
  3127 | D:2      | Found a faded altar of an unknown god.
  4404 | D:2      | Gained mutation: A weak demonic guardian rushes to your
                  | aid. [demonic ancestry]
  4404 | D:2      | Reached XP level 4. HP: 7/30 MP: 1/7
  4419 | D:2      | Slain by a gnoll

Illustrated notes

Levels and vault maps discovered:
D:1:      dpeg_arrival_renting, layout_basic, serial_bayou, serial_bayou_pond_a
D:2:      wad_woods_tower, layout_loops_ring, hellmonk_ecumenical_altar_blasted,
          serial_shops, shop

Skill      XL: |  1  2 |
---------------+-------+-----
Ice Magic      | 4 |  4.3
Stealth        | 2 |  2.5
Dodging        | 2 |  2.1
Fighting       | |  0.1
Unarmed Combat | |  0.3
Spellcasting   | |  2.5

Action                   |  1- 3 |  4- 6 || total
-------------------------+-------+-------++-------
Melee: Unarmed           |    91 |       ||    91
       Kick              |    27 |       ||    27
 Cast: Freeze            |    39 |     1 ||    40
  Use: Scroll            |     4 |       ||     4
 Stab: Sleeping          |     3 |       ||     3
Armor: Robe              |    14 |       ||    14
Dodge: Dodged            |    74 |       ||    74
Block: Other             |    12 |       ||    12

Table legend: (Time is in decaauts)
 A = Elapsed time spent in this place.
 B = Non-inter-level travel time spent in this place.
 C = Inter-level travel time spent in this place.
 D = Time resting spent in this place.
 E = Time spent auto-exploring this place.
 F = Levels seen in this place.
 G = Mean time per level.
                   A        B        C        D        E       F      G
               +--------+--------+--------+--------+--------+-----+--------+
         Total |   4420 |   4384 |     36 |   2760 |   1212 |   2 | 2210.0 |
       Dungeon |   4420 |   4384 |     36 |   2760 |   1212 |   2 | 2210.0 |
               +--------+--------+--------+--------+--------+-----+--------+

Top non-repeatable levels by time:
     D:1: 2728 daAuts
     D:2: 1691 daAuts
